 Dungeon Crawl Stone Soup version 0.31-a0-1074-g0b22e4e0f1 (webtiles) character file.

Game seed: 16201239775170351960

414 grandjackal the Slasher (level 7, -5/53 HPs)
             Began as a Djinni Reaver on Dec 1, 2023.
             Slain by a steam dragon (8 damage)
             ... on level 4 of the Dungeon.
             The game lasted 00:05:16 (3369 turns).

grandjackal the Slasher (Djinni Reaver)             Turns: 3369, Time: 00:05:17

Health: -5/53      AC:  4    Str: 11    XL:     7   Next: 14%
Gold:   212        EV: 11    Int: 16    God:
                   SH:  0    Dex: 12

rFire   + + .        m - +5 short sword
rCold   x . .        (no shield)
rNeg    . . .        b - +0 leather armour
rPois   ∞            (no helmet)
rElec   .            n - +0 cloak
rCorr   .            (no gloves)
SInv    .            (boots unavailable)
Will    .....        (no amulet)
Stlth   +            (no ring)
HPRegen 0.28/turn    (no ring)
MPRegen 0.00/turn

%: infuse magic (-6 HP)
@: weak-willed, jinxed, flying
A: sickness immunity, fire resistance 2, cold vulnerability 1, float, innate
caster, HP casting, extra vitality 1
a: no special abilities


You were on level 4 of the Dungeon.
You visited 1 branch of the dungeon, and saw 4 of its levels.

You collected 212 gold pieces.

Inventory:

Hand Weapons
 k - a +0 long sword
 m - a +5 short sword (weapon)
 t - a +0 dagger of venom
Missiles
 o - a throwing net
Armour
 b - a +0 leather armour (worn)
 n - a +0 cloak (worn)
Jewellery
 c - a ring of fire
 p - an amulet of faith
Wands
 l - a wand of paralysis (7)
Scrolls
 d - 6 scrolls of identify {unknown}
 h - 2 scrolls of enchant weapon {unknown}
 i - a scroll of teleportation {unknown}
 j - 2 scrolls of blinking {unknown}
 r - a scroll of revelation {unknown}
 s - a scroll of immolation {unknown}
 u - a scroll of torment {unknown}
 w - a scroll of fog {unknown}
 x - a scroll of vulnerability {unknown}
Potions
 a - a potion of magic {unknown}
 e - 3 potions of mutation {unknown}
 f - a potion of resistance {unknown}
 g - 3 potions of curing {unknown}
 q - a potion of lignification {unknown}
 v - a potion of attraction {unknown}


   Skills:
 + Level 4.5 Fighting
 + Level 4.6 Long Blades
 - Level 2.1 Dodging
 + Level 3.8 Spellcasting
 + Level 3.8 Conjurations
 + Level 3.8 Hexes
 + Level 3.8 Summonings
 + Level 3.8 Necromancy
 + Level 3.8 Translocations
 + Level 3.8 Transmutations
 + Level 3.8 Fire Magic
 + Level 3.8 Ice Magic
 + Level 3.8 Air Magic
 + Level 3.8 Earth Magic
 + Level 3.8 Poison Magic


You knew the following spells:

 Your Spells              Type           Power      Damage    Failure   Level
a - Kiss of Death         Conj/Necr      60%        2d10      4%          1
b - Momentum Strike       Conj/Tloc      30%        3d8       7%          2
c - Hailstorm             Conj/Ice       15%        3d5       14%         3
d - Magic Dart            Conj           60%        1d6       4%          1
e - Jinxbite              Hex            30%        N/A       7%          2
f - Gell's Gravitas       Tloc           15%        N/A       14%         3
Your spell library was empty.

Dungeon Overview and Level Annotations

Branches:
Dungeon (4/15)
 Temple: D:4-7

Altars:
Hepliaklqana
Trog


Innate Abilities, Weirdness & Mutations

You are immune to sickness and miasma.
You are immune to poison.
Your flesh is very heat resistant. (rF++)
You are vulnerable to cold. (rC-)
You float through the air rather than walking.
You learn spells naturally, not from books.
Your magical power is your life essence.
You have superior vitality. (+4 MHP)


Message History

The steam dragon breathes steam at you. The ball of steam hits you. You resist.
You closely miss the steam dragon.
The steam dragon is severely wounded.
The orc hits you with a +0 club. The steam dragon barely misses you.
The steam dragon claws you.
You barely miss the steam dragon.
The steam dragon is severely wounded.
A giggling sprite leaps out and makes the steam dragon trip over its own talons.
The steam dragon is severely wounded.
The orc closely misses you. The steam dragon bites you.
The steam dragon claws you but does no damage.
You closely miss the steam dragon.
The steam dragon is severely wounded.
The orc closely misses you.
You hit the steam dragon but do no damage.
The steam dragon is severely wounded.
The steam dragon barely misses you. The steam dragon claws you.
You barely miss the steam dragon.
The steam dragon is severely wounded.
The orc hits you with a +0 club.
* * * LOW HITPOINT WARNING * * *
The steam dragon barely misses you. The steam dragon claws you.
* * * LOW HITPOINT WARNING * * *
You hit the steam dragon but do no damage.
The steam dragon is severely wounded.
The steam dragon seems less drained.
The orc barely misses you. The steam dragon closely misses you.
The steam dragon claws you.
* * * LOW HITPOINT WARNING * * *
Your magical contamination has completely faded away.
Unknown command.
You closely miss the steam dragon.
The steam dragon is severely wounded.
The orc misses you. The steam dragon bites you.
* * * LOW HITPOINT WARNING * * *
The steam dragon closely misses you.
You closely miss the steam dragon.
The steam dragon is severely wounded.
The orc barely misses you. The steam dragon bites you!
You die...

#$........#
.#.........#
...........#
...........#
#..........#
#......o...# ##. #o#
#...#o##### #.D@...#
###..[.# ♣♣♣♣♣♣
###..# ♣♣♣♣♣♣....♣♣♣
##.#
.♣♣....♣♣♣..♣♣♣♣♣#..#
♣...♣♣♣♣ ♣♣♣.......##
♣♣♣♣♣ ♣♣.....##
♣♣♣♣♣##


You could see a steam dragon and 3 orcs.

Vanquished Creatures
  2 scorpions (D:4)
  A howler monkey (D:4)
  An iguana (D:4)
  8 gnolls
  7 adders
  A worm (D:4)
  4 dart slugs
  An orc (D:4)
  4 endoplasms
  3 giant cockroaches
  4 goblins
  8 hobgoblins
  A jackal (D:4)
  12 kobolds
  5 quokkas
  10 ball pythons
  4 bats
  5 frilled lizards
  6 rats
87 creatures vanquished.

Notes
Turn   | Place    | Note
-------+----------+-------------------------------------------
     0 | D:1      | grandjackal the Djinni Reaver began the quest for the Orb.
     0 | D:1      | grandjackal set off with the following spells memorised:
                  | Kiss of Death, Momentum Strike, Hailstorm.
     0 | D:1      | Reached XP level 1. HP: 18/18 MP: 0/0
   115 | D:1      | Reached XP level 2. HP: 23/23 MP: 0/0
   500 | D:1      | Reached XP level 3. HP: 28/29 MP: 0/0
   500 | D:1      | Learned a level 1 spell: Magic Dart
   910 | D:1      | Reached XP level 4. HP: 8/34 MP: 0/0
  1029 | D:2      | Found a bloodstained altar of Trog.
  1481 | D:2      | Reached XP level 5. HP: 32/40 MP: 0/0
  1481 | D:2      | Learned a level 2 spell: Jinxbite
  2205 | D:3      | Found a hazy altar of Hepliaklqana.
  2265 | D:3      | Reached XP level 6. HP: 14/47 MP: 0/0
  3015 | D:4      | Reached XP level 7. HP: 41/53 MP: 0/0
  3015 | D:4      | Learned a level 3 spell: Gell's Gravitas
  3344 | D:4      | Noticed a steam dragon
  3369 | D:4      | Slain by a steam dragon

Illustrated notes

Levels and vault maps discovered:
D:1:      saegor_arrival_simple_e, layout_loops_ring, nicolae_eternal_life
D:2:      layout_rooms, basic_altar
D:3:      layout_loops_ring, old_standard_altar, serial_rivers,
          chequers_serial_rivers_micro_b, chequers_serial_rivers_micro_d,
          chequers_serial_rivers_small_3, chequers_serial_rivers_micro_a,
          chequers_serial_rivers_room_b, chequers_serial_rivers_room_a,
          kennysheep_path_1
D:4:      kb_forest_paths, layout_rooms

Skill      XL: |  1  2  3  4  5  6 |
---------------+-------------------+-----
Long Blades    | 3 4 |  4.6
Spellcasting   | 3 |  3.8
Conjurations   | 3 |  3.8
Hexes          | 3 |  3.8
Summonings     | 3 |  3.8
Necromancy     | 3 |  3.8
Translocations | 3 |  3.8
Transmutations | 3 |  3.8
Fire Magic     | 3 |  3.8
Ice Magic      | 3 |  3.8
Air Magic      | 3 |  3.8
Earth Magic    | 3 |  3.8
Poison Magic   | 3 |  3.8
Fighting       | 3 4 |  4.5
Dodging        | |  2.1

Action                     |  1- 3 |  4- 6 |  7- 9 || total
---------------------------+-------+-------+-------++-------
  Melee: Falchion          |   103 |    31 |       ||   134
         Punch             |     1 |     3 |     1 ||     5
         Long sword        |       |    51 |       ||    51
         Short sword       |       |    96 |    33 ||   129
   Cast: Magic Dart        |     2 |     3 |       ||     5
         Hailstorm         |       |     2 |       ||     2
         Jinxbite          |       |     4 |     2 ||     6
   Stab: Sleeping          |       |     1 |       ||     1
 Armour: Leather armour    |    51 |   106 |    29 ||   186
  Dodge: Dodged            |    65 |   126 |    29 ||   220

Table legend: (Time is in decaauts)
 A = Elapsed time spent in this place.
 B = Non-inter-level travel time spent in this place.
 C = Inter-level travel time spent in this place.
 D = Time resting spent in this place.
 E = Time spent auto-exploring this place.
 F = Levels seen in this place.
 G = Mean time per level.
                   A        B        C        D        E       F      G
               +--------+--------+--------+--------+--------+-----+--------+
         Total |   3386 |   3285 |    101 |    790 |   1748 |   4 |  846.5 |
       Dungeon |   3386 |   3285 |    101 |    790 |   1748 |   4 |  846.5 |
               +--------+--------+--------+--------+--------+-----+--------+

Top non-repeatable levels by time:
     D:1: 1086 daAuts
     D:3: 954 daAuts
     D:2: 779 daAuts
     D:4: 566 daAuts
